Map: Galactic Process LE

Players

MajOr (SpeCial)

  • Race: Terran Terran

Kelazhur - Winner!

  • Race: Terran Terran

Event: WCS Copa Intercontinental

VOD

Have the link to the VOD?

Description

Time

  • Played on: Sept. 9, 2016, 4:09 p.m.
  • Length: 13:02

All games in this series

Show
View Real Time Build Order
Export as new Build Order

MajOr Terran 

Build Orders: Reaper Expand, Bio Tank, Banshee Rush 

Get SALT Encoding   

  12  0:00  SCV  
  13  0:12  SCV  
  14  0:17  Supply Depot  
  14  0:25  SCV  
  15  0:28  Refinery  
  15  0:38  SCV  
  16  0:45  Barracks  
  16  0:50  SCV  
  17  1:03  SCV  
  18  1:15  SCV  
  19  1:32  Orbital Command, Reaper  
  20  1:49  Command Center  
  20  2:00  SCV  
  21  2:03  Factory  
  22  2:08  Reaper  
  22  2:13  Supply Depot  
  22  2:15  SCV  
  23  2:24  Refinery  
  23  2:30  SCV  
  23  2:40  Marine  
  23  2:42  SCV  
  25  2:50  Hellion  
  27  2:54  SCV  
  27  2:58  Starport  
  27  3:03  Barracks Tech Lab  
  27  3:11  Hellion  
  28  3:15  SCV  
  29  3:24  Orbital Command  
  29  3:27  SCV  
  29  3:32  Hellion  
  32  3:39  SCV  
  33  3:41  Cloaking Field  
  33  3:42  Banshee  
  36  3:50  SCV  
  36  3:51  SCV  
  36  3:52  Barracks Reactor  
  37  4:05  SCV x2  
  37  4:06  Factory Tech Lab  
  37  4:17  SCV x2  
  33  4:26  Cyclone  
  33  4:29  SCV x2, Marine x2  
  41  4:31  Banshee  
  41  4:36  Supply Depot  
  44  4:42  Command Center  
  44  4:44  SCV  
  45  4:47  SCV  
  46  4:57  Marine x2  
  47  5:00  Siege Tank  
  47  5:04  SCV x2  
  47  5:06  Supply Depot  
  50  5:15  Marine x2  
  50  5:22  SCV x2  
  51  5:33  Marine x2  
  53  5:39  SCV x2  
  52  5:42  Refinery  
  52  5:43  Supply Depot  
  52  5:44  Siege Tank, Refinery  
  55  5:51  SCV x2  
  55  5:55  Supply Depot  
  57  5:57  Orbital Command  
  57  6:04  Viking  
  57  6:06  Viking  
  57  6:08  SCV  
  57  6:11  SCV  
  60  6:12  Marine  
  61  6:20  SCV, Siege Tank  
  61  6:23  SCV x2  
  67  6:29  Marine  
  67  6:32  SCV  
  69  6:35  SCV x2, Viking  
  69  6:36  Viking  
  75  6:44  SCV  
  76  6:47  SCV, Marine  
  76  6:48  Stimpack  
  76  6:50  SCV  
  79  6:55  Siege Tank  
  79  6:56  SCV  
  79  6:59  SCV  
  84  7:05  Marine  
  83  7:08  Medivac  
  83  7:11  SCV x3  
  83  7:14  Medivac  
  90  7:22  Barracks x2  
  90  7:23  SCV x3, Engineering Bay  
  90  7:24  Engineering Bay  
  90  7:28  Supply Depot  
  90  7:29  Marine  
  94  7:39  Siege Tank  
  96  7:45  SCV x3  
  96  7:47  Marine  
  100  7:56  Starport Reactor  
  100  7:57  SCV x3, Terran Infantry Weapons Level 1, Terran Infantry Armor Level 1  
  100  8:01  Barracks  
  100  8:03  Barracks  
  100  8:05  Marine  
  101  8:09  SCV x2  
  103  8:13  Supply Depot  
  103  8:14  Siege Tank  
  106  8:21  Barracks Reactor  
  106  8:27  SCV x2  
  106  8:31  Marine  
  109  8:35  Marine x2  
  109  8:36  Supply Depot x2  
  111  8:41  Medivac x2  
  111  8:43  SCV x2  
  111  8:45  Factory, Refinery x2  
  117  8:48  Combat Shields  
  117  8:55  Barracks Reactor  
  117  8:56  Barracks Reactor  
  117  8:57  Barracks Reactor, Marine x2  
  117  9:00  Supply Depot x2  
  119  9:04  Armory  
  119  9:05  SCV x3  
  122  9:10  Marine x3  
  122  9:13  Missile Turret  
  122  9:15  Marine  
  120  9:23  Marine  
  108  9:28  Marine x3  
  108  9:30  SCV x2  
  104  9:31  Supply Depot  
  104  9:32  Marine x2  
  104  9:33  Marine x2  
  104  9:34  Marine  
  104  9:36  Factory Tech Lab  
  104  9:37  Siege Tank  
  110  9:41  Marine  
  110  9:44  Command Center, Sensor Tower  
  111  9:45  Marine  
  111  9:46  Marine x2  
  111  9:50  Marine x2  
  111  9:51  Marine x3  
  111  9:52  Terran Infantry Armor Level 2, Terran Infantry Weapons Level 2  
  119  9:54  Terran Vehicle Weapons Level 1  
  119  9:58  Marine  
  119  9:59  Siege Tank  
  123  10:03  Marine x2  
  123  10:04  Medivac, Marine  
  123  10:06  Medivac  
  130  10:07  Marine  
  130  10:08  Marine x2  
  130  10:09  Marine  
  130  10:10  Marine  
  135  10:16  Marine  
  136  10:21  Marine x2  
  136  10:22  Marine  
  136  10:24  Barracks  
  136  10:25  Barracks, Marine x2  
  136  10:26  Missile Turret, Marine  
  136  10:28  Marine x2  
  139  10:34  Marine  
  141  10:38  Medivac x2  
  141  10:39  Marine x2  
  141  10:40  Siege Tank  
  149  10:47  Marine x2  
  149  10:48  Marine x2  
  149  10:49  Marine  
  148  10:50  Marine  
  148  10:52  Marine  
  140  10:57  Marine x2  
  138  11:05  Marine x2  
  138  11:06  Marine x2  
  144  11:13  Viking x2  
  144  11:15  Marine x2  
  144  11:16  Marine x2  
  148  11:19  Siege Tank  
  148  11:25  Marine  
  134  11:28  Siege Tank  
  134  11:30  Marine x4  
  131  11:33  Marine x2  
  131  11:34  Marine x2  
  131  11:35  Barracks Tech Lab x2  
  132  11:42  Marine  
  117  11:48  Viking, Marine x4  
  117  11:50  Marine  
  117  11:52  Siege Tank  
  117  11:54  Marine  
  122  11:55  Marine x2  
  122  11:57  Marine x2  
  122  12:00  Siege Tank  
  122  12:01  Marine  
  120  12:05  Marine  
  120  12:08  Marine  
  113  12:16  Marine x3  
  113  12:19  Marine  
  102  12:26  Marine x2  
  102  12:29  Siege Tank  
  99  12:33  Marine  
  99  12:36  Marine x2  
  99  12:37  Marine x2  
Show
View Real Time Build Order
Export as new Build Order

Kelazhur Terran - Winner!

Build Orders: Liberator Opening, Reaper Expand, MMM Bio 

Get SALT Encoding   

  12  0:00  SCV  
  13  0:12  SCV  
  14  0:17  Supply Depot  
  14  0:24  SCV  
  14  0:27  Refinery  
  15  0:38  SCV  
  16  0:44  Barracks  
  16  0:50  SCV  
  17  1:02  SCV  
  18  1:15  SCV  
  19  1:31  Reaper, Orbital Command  
  20  1:47  Command Center  
  20  2:00  Factory  
  20  2:03  SCV  
  20  2:07  Reaper  
  22  2:14  Supply Depot  
  22  2:18  SCV  
  23  2:34  SCV  
  22  2:46  Hellion  
  22  2:47  Reaper  
  22  2:48  SCV  
  26  2:52  Refinery  
  25  3:00  SCV  
  26  3:08  Hellion  
  26  3:11  Starport  
  26  3:12  SCV  
  29  3:20  Orbital Command  
  29  3:25  SCV  
  29  3:28  Barracks Reactor  
  29  3:34  Liberator  
  29  3:35  Factory Tech Lab  
  29  3:37  SCV  
  33  3:55  SCV  
  33  3:58  Engineering Bay  
  33  4:02  SCV  
  33  4:08  SCV  
  33  4:09  Marine x2  
  36  4:10  Cyclone  
  36  4:14  SCV  
  40  4:20  SCV  
  40  4:26  SCV  
  40  4:28  Missile Turret  
  40  4:29  Missile Turret, Marine  
  42  4:32  SCV  
  43  4:38  SCV  
  43  4:44  SCV  
  43  4:50  SCV, Marine x2  
  46  4:53  Supply Depot  
  46  4:57  SCV  
  45  5:03  SCV, Factory Tech Lab  
  46  5:08  Marine x2, Raven  
  46  5:10  SCV  
  51  5:15  SCV  
  52  5:22  SCV, Siege Tank  
  52  5:26  Marine x2  
  52  5:27  SCV  
  52  5:28  Supply Depot  
  56  5:34  SCV  
  57  5:39  SCV  
  58  5:44  Marine x2  
  58  5:46  SCV  
  58  5:49  Barracks  
  60  5:51  SCV  
  60  5:56  Command Center  
  61  5:58  SCV  
  61  6:03  SCV  
  63  6:10  SCV  
  64  6:14  Refinery  
  64  6:15  SCV, Viking x2  
  64  6:16  Refinery  
  69  6:22  SCV  
  70  6:27  Stimpack  
  70  6:32  Marine  
  70  6:33  SCV, Siege Tank, Supply Depot  
  70  6:34  SCV  
  76  6:41  Barracks Reactor  
  76  6:45  SCV, Barracks  
  76  6:46  SCV  
  78  6:54  Marine  
  78  6:57  SCV  
  78  6:58  SCV  
  81  7:02  Medivac  
  81  7:03  Medivac  
  85  7:09  SCV  
  85  7:11  SCV  
  85  7:12  Siege Tank  
  85  7:14  Marine  
  91  7:18  Terran Infantry Weapons Level 1, Engineering Bay  
  91  7:21  SCV  
  92  7:23  SCV  
  92  7:29  Marine x2  
  95  7:32  Marine  
  95  7:33  SCV  
  95  7:35  SCV  
  98  7:38  Supply Depot  
  97  7:45  SCV  
  97  7:47  SCV  
  97  7:50  Marine  
  99  7:54  Marine  
  99  7:56  Barracks, Barracks Reactor, Marine  
  99  7:58  SCV, Orbital Command, Barracks  
  101  8:00  Terran Infantry Armor Level 1  
  101  8:02  SCV, Supply Depot  
  102  8:06  Supply Depot  
  102  8:10  SCV  
  103  8:14  SCV, Marine  
  103  8:17  Marine x2  
  103  8:19  Medivac  
  71  8:20  Medivac, Siege Tank  
  104  8:24  SCV  
  104  8:25  SCV  
  110  8:27  Refinery  
  110  8:29  Refinery  
  110  8:30  Armory  
  110  8:34  Supply Depot  
  110  8:35  Marine  
  110  8:36  Marine x2  
  111  8:44  Marine  
  111  8:46  Marine  
  115  8:50  Barracks Reactor x2  
  115  8:53  Marine  
  113  8:59  Marine x2  
  113  9:02  Marine  
  115  9:03  Siege Tank  
  115  9:04  Marine  
  115  9:05  Medivac x2  
  115  9:09  Factory  
  123  9:10  Marine  
  118  9:17  Marine x2  
  118  9:20  Marine  
  118  9:22  Marine  
  118  9:23  Terran Infantry Weapons Level 2  
  117  9:28  Marine  
  117  9:31  Combat Shields  
  113  9:32  Marine x4  
  113  9:35  Marine x2  
  113  9:37  Marine  
  120  9:41  Siege Tank  
  120  9:42  Barracks x2  
  120  9:45  Barracks  
  124  9:46  Marine  
  124  9:49  Medivac x2, Marine  
  124  9:50  Marine x3  
  124  9:51  Marine  
  133  9:55  Command Center  
  133  9:57  Terran Infantry Armor Level 2, Supply Depot  
  133  9:58  Supply Depot  
  133  9:59  Terran Vehicle Weapons Level 1  
  133  10:01  Supply Depot  
  133  10:16  Factory Tech Lab  
  133  10:17  Supply Depot  
  133  10:19  Marine x8  
  133  10:21  Marine  
  141  10:22  Supply Depot  
  141  10:24  Siege Tank  
  144  10:37  Marine x11  
  144  10:39  Marine  
  151  10:45  Medivac x2  
  152  10:54  Marine  
  152  10:55  Marine x4  
  151  11:01  Marine  
  151  11:02  Marine  
  151  11:03  Marine x5  
  152  11:12  Marine x2  
  152  11:13  Marine x2  
  152  11:15  Siege Tank x2  
  162  11:24  Marine  
  162  11:25  Marine x5  
  154  11:36  Marine  
  155  11:40  Marine x5  
  155  11:42  Viking, Marine x3  
  155  11:47  Marine x3  
  156  11:53  Marine  
  159  11:59  Marine  
  159  12:01  Marine x3  
  144  12:18  Marine x9  
  144  12:20  Siege Tank  
  149  12:26  Marine x3  
  144  12:36  Marine  
  145  12:37  Marine  
  145  12:38  Marine x7  
  145  12:44  Marine  
Tags
 
Add a new tag
Caveats
  • Supply blocks, unpowered buildings, or Contaminate may cause inaccurate times.
  • Supply counts are checked every 10 seconds.